 Dungeon Crawl Stone Soup version 0.29.1-15-g9cfb28693d (webtiles) character file.

Game seed: 15427577838418514287

29 protoss039 the Digger (level 3, 26/26 HPs)
             Began as a Demonspawn Earth Elementalist on Mar 21, 2023.
             Got out of the dungeon alive.
             The game lasted 00:00:58 (1205 turns).

protoss039 the Digger (DsEE)                        Turns: 1205, Time: 00:00:59

Health: 26/26      AC:  5    Str:  8    XL:     3   Next: 1%
Magic:  6/6        EV: 10    Int: 18    God:
Gold:   127        SH:  0    Dex: 13    Spells: 4/7 levels left

rFire   . . .      SeeInvis .   a - +0 short sword
rCold   . . .      Faith    .   (no shield)
rNeg    . . .      Spirit   .   l - +0 ring mail
rPois   .          Reflect  .   (no helmet)
rElec   .          Harm     .   (no cloak)
rCorr   .          Rampage  .   (no gloves)
Will    .....                   (no boots)
Stlth   +.........              (no amulet)
HPRegen 0.08/turn               (no ring)
MPRegen 0.10/turn               (no ring)

@: no status effects
A: spiny 1
a: no special abilities


You escaped.
You visited 1 branch of the dungeon, and saw 2 of its levels.

You collected 127 gold pieces.

Inventory:

Hand Weapons
 a - a +0 short sword (weapon)
Armour
 l - a +0 ring mail (worn)
Scrolls
 c - 3 scrolls of summoning {unknown}
 d - a scroll of teleportation {unknown}
 g - a scroll of amnesia {unknown}
 h - a scroll of enchant weapon {unknown}
 i - 3 scrolls of identify {unknown}
 j - a scroll of brand weapon {unknown}
 k - a scroll of fog {unknown}
Potions
 b - a potion of magic
 e - a potion of flight {unknown}


   Skills:
 + Level 1.3 Fighting
 - Level 1.7 Dodging
 - Level 1.7 Stealth
 + Level 2.5 Spellcasting
 - Level 0.8 Transmutations
 + Level 3.1 Earth Magic


You had 4 spell levels left.
You knew the following spells:

 Your Spells              Type           Power      Damage    Failure   Level
a - Sandblast             Erth           26%        2d8       14%         1
b - Passwall              Tmut/Erth      7%         N/A       34%         2

Your spell library contained the following spells:

 Spells                   Type           Power      Damage    Failure   Level
 Stone Arrow              Conj/Erth      14%        3d7       63%         3
 Petrify                  Tmut/Erth      9%         N/A       93%         4


Dungeon Overview and Level Annotations

Branches:
Dungeon (2/15) Zot: 10784

Altars:


Innate Abilities, Weirdness & Mutations

You are partially covered in sharp spines.


Message History

You see here a +0 club.
You now have 121 gold pieces (gained 15).
You see here a +0 club.
You see here a giant cockroach corpse.
i - 3 scrolls labelled JUHAWE QICANA (gained 1)
You now have 127 gold pieces (gained 6).
A goblin comes into view. It is wielding a +0 club.
A goblin is nearby!
A goblin is nearby!
A goblin is nearby!
Casting: Sandblast (safe; 17% risk of failure)
Confirm with . or Enter, or press ? or * to list all spells.
Aiming: Sandblast (safe; 17% risk of failure)
Press: ? - help, Shift-Dir - straight line, f - goblin
Aim: a goblin, wielding a +0 club (77% to hit)
The blast of sand misses the goblin.
The goblin hits you with a +0 club. The goblin is struck by your spines.
The goblin hits you but does no damage.
Unknown command.
Casting: Sandblast (safe; 17% risk of failure)
Confirm with . or Enter, or press ? or * to list all spells.
Aiming: Sandblast (safe; 17% risk of failure)
Press: ? - help, Shift-Dir - straight line, f/p - goblin
Aim: a goblin, wielding a +0 club (severely wounded, 77% to hit)
The blast of sand hits the goblin!
You kill the goblin!
You have reached level 3!
Your experience leads to an increase in your attributes!
Increase (S)trength, (I)ntelligence, or (D)exterity?
You feel clever. x2
Unknown command.
HP restored.
There is a stone staircase leading up here.
You climb upwards.
There is a stone staircase leading down here.
Unknown command.
Magic restored.
There is an open door here.
There is a staircase leading out of the dungeon here.
Are you sure you want to leave the Dungeon?
This will make you lose the game!
You have escaped!

###...##.# #.# ### ##. ....#....#
#.#### #. .##...#### #....# #.
.###.## ####.# #. .# #.# #.# #.
.###.# #.# ##. .....#
##.#########..
.######♣♣♣♣♣♣♣♣♣♣♣##.............
## #.'.........@♣#....#.######..
# #.#♣.♣♣♣♣♣...♣##.....# #.. ##
#.#♣.♣P♣P....♣ #.#..## #..
.####.#♣.♣.....♣.♣ #.#..# #..
...##.#♣....⌠.♣♣.♣ #.#..# ###..
.#.##.#♣♣♣....P♣.♣ #.#..# #....
##.##.# ♣♣P.P♣♣.♣##....# #.##.
##....# ♣♣.♣♣♣.♣#.##..# #.##.
####### ♣P....♣#.##..# #.##.


There were no monsters in sight!

Vanquished Creatures
  A worm (D:2)
  A dart slug (D:1)
  A bat (D:1)
  3 endoplasms (D:1)
  A giant cockroach (D:2)
  3 hobgoblins (D:1)
  A quokka (D:1)
  2 ball pythons (D:1)
  A frilled lizard (D:1)
  2 goblins
  4 kobolds
  2 rats (D:1)
22 creatures vanquished.

Notes
Turn   | Place    | Note
-------+----------+-------------------------------------------
     0 | D:1      | protoss039 the Demonspawn Earth Elementalist began the
                  | quest for the Orb.
     0 | D:1      | Reached XP level 1. HP: 13/13 MP: 3/3
   219 | D:1      | Gained mutation: You are partially covered in sharp spines.
                  | [demonic ancestry]
   219 | D:1      | Reached XP level 2. HP: 20/20 MP: 5/5
   296 | D:1      | Reached skill level 1 in Fighting
   382 | D:1      | Reached skill level 3 in Earth Magic
  1079 | D:1      | Learned a level 2 spell: Passwall
  1142 | D:2      | Reached XP level 3. HP: 25/26 MP: 3/6
  1205 | D:$      | Got out of the dungeon alive.

Illustrated notes

Levels and vault maps discovered:
D:1:      psy_arrival_fountain, layout_loops_ring, minmay_pentomino_x2
D:2:      layout_rooms, serial_shops, nicolae_diamond_shop, serial_aquarium,
          aquarium_bridge_straight [aquarium_subvault_bridge,
          aquarium_subvault_wall, aquarium_subvault_bridge,
          aquarium_subvault_wall], aquarium_window_2, aquarium_window_fake,
          aquarium_window_fake, aquarium_view_2b, aquarium_balcony_3a,
          aquarium_pool_2, uniq_terence

Skill      XL: |  1  2 |
---------------+-------+-----
Fighting       | 1 |  1.3
Earth Magic    | 3 |  3.1
Dodging        | |  1.7
Stealth        | |  1.7
Spellcasting   | |  2.5
Transmutations | |  0.8

Action                   || total
-------------------------++-------
Melee: Whip              ||     1
       Club              ||    11
 Cast: Sandblast         ||    17
 Stab: Sleeping          ||     2
Armor: Robe              ||     1
       Ring mail         ||     1
Dodge: Dodged            ||     9
